 Dungeon Crawl Stone Soup version 0.26.1-2-gb8aa6d0cf2 (console) character file.

Game seed: 17143972297965895831

5474 axecop the Nimble (level 10, -3/53 HPs)
             Began as a Spriggan Abyssal Knight on Mar 19, 2021.
             Was an Elder of Lugonu.
             Slain by a boulder beetle (23 damage)
             ... on level 9 of the Dungeon.
             The game lasted 00:12:55 (10427 turns).

axecop the Nimble (Spriggan Abyssal Knight)        Turns: 10427, Time: 00:12:55

Health: -3/53      AC:  4    Str:  8    XL:     10   Next: 42%
Magic:  13/20      EV: 25    Int: 26    God:    Lugonu [****..]
Gold:   604        SH:  0    Dex: 15    Spells: 17/21 levels left

rFire    + . .     SeeInvis +   a - +1 dagger {venom, rF+ Int+4 Dex-2}
rCold    . . .     Faith    .   (shield restricted)
rNeg     . . .     Spirit   .   q - +1 robe
rPois    .         Reflect  .   (helmet restricted)
rElec    .         Harm     .   I - +0 cloak
rCorr    .         Rampage  .   (gloves unavailable)
Will     ++...                  (boots unavailable)
Stlth    ++++......             r - amulet of regeneration
HPRegen  0.57/turn              F - +6 ring of intelligence
MPRegen  0.17/turn              h - ring of willpower

@: very quick
A: very small, unfitting armour, see invisible, speed 3
a: Renounce Religion, Depart the Abyss, Bend Space, Banish, Corrupt


You were on level 9 of the Dungeon.
You worshipped Lugonu.
Lugonu was greatly pleased with you.
You visited 1 branch of the dungeon, and saw 9 of its levels.
You visited the Abyss 1 time.
You also visited: Sewer.

You collected 604 gold pieces.

Inventory:

Hand Weapons
 a - the +1 dagger of Qadul (weapon) {venom, rF+ Int+4 Dex-2}
   (You found it on level 2 of the Abyss)

   It poisons the flesh of those it strikes.
   It affects your intelligence (+4).
   It affects your dexterity (-2).
   It protects you from fire.
 b - a +1 vampiric dagger
 e - a +1 short sword
 J - a +2 war axe of electrocution
Missiles
 c - 299 stones
 m - 23 poisoned darts (quivered)
 B - a throwing net
 K - 5 boomerangs of dispersal
 M - 2 curare-tipped darts
Armour
 q - a +1 robe (worn)
 s - +0 storm dragon scales
 I - a +0 cloak (worn)
Jewellery
 h - a ring of willpower (right hand)
 j - an uncursed amulet of the acrobat
 k - an uncursed ring of magical power
 l - an uncursed ring of magical power
 n - an uncursed ring of protection from cold
 r - an amulet of regeneration (around neck)
 F - a +6 ring of intelligence (left hand)
 L - a +4 ring of protection
Wands
 D - a wand of enslavement (8)
 E - a wand of digging (4)
 H - a wand of polymorph (3)
Scrolls
 i - 4 scrolls of remove curse
 p - a scroll of fear
 t - 2 scrolls of fog
 x - a scroll of torment {unknown}
 y - 2 scrolls of identify
 z - a scroll of teleportation
 A - 2 scrolls of amnesia {unknown}
 G - a scroll of vulnerability {unknown}
Potions
 d - 3 potions of heal wounds
 f - a potion of brilliance {unknown}
 g - 3 potions of haste
 o - a potion of cancellation
 u - 2 potions of mutation
 v - a potion of lignification
 w - a potion of berserk rage {unknown}
 C - a potion of attraction {unknown}


   Skills:
 - Level 6.0 Fighting
 - Level 7.4 Short Blades
 - Level 9.9 Dodging
 - Level 9.5 Stealth
 + Level 6.3 Spellcasting
 + Level 5.3 Hexes
 - Level 2.4 Ice Magic
 + Level 8.2 Invocations


You had 17 spell levels left.
You knew the following spells:

 Your Spells              Type           Power        Failure   Level
a - Ensorcelled Hibernat  Hex/Ice        56%          1%          2
b - Searing Ray           Conj           16%          10%         2

Your spell library contained the following spells:

 Spells                   Type           Power        Failure   Level
 Corona                   Hex            40%          1%          1
 Confusing Touch          Hex            36%          2%          3
 Tukima's Dance           Hex            36%          2%          3
 Animate Skeleton         Necr           16%          7%          1
 Magic Dart               Conj           32%          7%          1
 Pain                     Necr           32%          7%          1
 Dazzling Flash           Conj/Hex       44%          7%          3
 Vampiric Draining        Necr           4%           21%         3
 Fulminant Prism          Conj/Hex       11%          22%         4
 Animate Dead             Necr           4%           54%         4
 Iskenderun's Mystic Bla  Conj/Tloc      8%           54%         4
 Agony                    Necr           8%           88%         5


Dungeon Overview and Level Annotations

Branches:
Dungeon (9/15)             Temple (0/1) D:6           Sewer (visited)
   Lair: D:8-11         Orc: D:9-12

Altars:
Ashenzari
Fedhas
Gozag
Hepliaklqana
Kikubaaqudgha
Makhleb
Qazlal
Uskayaw
Wu Jian
Xom
Yredelemnul
Zin

Shops:
D:8 (

Annotations:
D:4 Tirrikindir's ghost, amateur OpBr


Innate Abilities, Weirdness & Mutations

You are very small and have problems with some larger weapons.
You are too small for most types of armour.
You have supernaturally acute eyesight. (SInv)
You cover ground extremely quickly.


Message History

The big kobold is almost dead.
The big kobold misses you. The kobold completely misses you.
You hit the big kobold but do no damage.
The big kobold is almost dead.
You barely miss the big kobold.
The big kobold is almost dead.
The boulder beetle misses you. The big kobold closely misses you.
The kobold hits you but does no damage.
You barely miss the big kobold.
The big kobold is almost dead.
The boulder beetle bites you!
You closely miss the big kobold.
The big kobold is almost dead.
The big kobold hits you. The kobold barely misses you.
You hit the big kobold but do no damage.
The big kobold is almost dead.
You kill the big kobold!
Lugonu accepts your kill. The boulder beetle bites you!!
You die...

#.# # #.#
# #.# #
#.# # #.#
#
######.#
#
#...?..#
#
#.####K#
# ##B##
##@KK#
#(#♣..#
#=K#.##.#
#.♣K# .#
#.##. #
## ♣#


You could see a boulder beetle and 4 kobolds.

Vanquished Creatures
  A two-headed ogre (D:9)
  A centaur warrior (D:9)
  Pikel (D:8)
  Maurice (D:8)
  Grum (D:8)
  Duvessa (D:6)
  An ice beast (D:9)
  3 orc warriors
  Purgy (Sewer)
  An eye of draining (Abyss:3)
  A black bear (D:9)
  A sky beast (D:6)
  2 wolves (D:8)
  3 centaurs
  A lemure (D:8)
  A big kobold (D:9)
  5 bullfrogs
  3 scorpions
  Dowan (D:6)
  3 killer bees (D:8)
  2 wights (D:6)
  5 howler monkeys
  An electric eel (D:7)
  A crimson imp (D:4)
  8 orc wizards
  A bullfrog zombie (D:9)
  3 hounds
  A quasit (D:9)
  A jelly (D:8)
  A bullfrog skeleton (D:6)
  A centaur skeleton (D:6)
  4 worker ants
  A howler monkey zombie (D:9)
  A worker ant zombie (D:5)
  5 adders
  2 ufetubi (D:8)
  An adder zombie (D:7)
  4 dart slugs
  10 leopard geckos
  20 orcs
  2 ball pythons
  12 bats
  8 giant cockroaches
  5 goblins
  8 hobgoblins
  9 jackals
  3 quokkas
  A ball python zombie (D:6)
  7 frilled lizards
  10 kobolds
  A quokka skeleton (D:8)
  7 rats
179 creatures vanquished.

Vanquished Creatures (collateral kills)
  2 jackals (D:7)
2 creatures vanquished.

Grand Total: 181 creatures vanquished

Notes
Turn   | Place    | Note
-------+----------+-------------------------------------------
     0 | Abyss:1  | axecop the Spriggan Abyssal Knight began the quest for the
                  | Orb.
     0 | Abyss:1  | Reached XP level 1. HP: 11/11 MP: 3/3
    40 | Abyss:2  | Got an ancient dagger
    41 | Abyss:2  | Identified the cursed +1 dagger of Qadul {venom, rF+ Int+4
                  | Dex-2} (You found it on level 2 of the Abyss)
    79 | Abyss:2  | Noticed a tentacled monstrosity
   135 | Abyss:3  | Noticed a tentacled starspawn
   140 | Abyss:3  | Found a corrupted altar of Lugonu.
   147 | Abyss:3  | Noticed an eye of draining
   168 | Abyss:3  | Killed an eye of draining
   169 | Abyss:3  | Reached XP level 2. HP: 16/16 MP: 1/5
   169 | Abyss:3  | Reached XP level 3. HP: 20/20 MP: 1/6
   169 | Abyss:3  | Reached XP level 4. HP: 24/24 MP: 1/7
   223 | Abyss:3  | Noticed a wraith
   233 | Abyss:3  | Found a corrupted altar of Lugonu.
   233 | Abyss:3  | Noticed an orange demon
   234 | Abyss:3  | Noticed a ynoxinul
   257 | Abyss:3  | Noticed a green death
   260 | D:1      | Escaped the Abyss
   507 | D:1      | Reached * piety under Lugonu
  1419 | D:2      | Reached skill level 1 in Stealth
  1526 | D:2      | Found a stormy altar of Qazlal.
  1743 | D:2      | Found a basalt altar of Yredelemnul.
  2232 | D:2      | Reached XP level 5. HP: 28/28 MP: 8/8
  2508 | D:3      | Reached ** piety under Lugonu
  2551 | D:3      | Reached skill level 5 in Dodging
  3153 | D:4      | Found an ornate altar of the Wu Jian Council.
  3324 | D:4      | Reached skill level 5 in Fighting
  3324 | D:4      | Reached XP level 6. HP: 35/35 MP: 11/11
  3365 | D:4      | Found a shimmering altar of Xom.
  3366 | D:4      | Found a burning altar of Makhleb.
  3664 | D:4      | Found a broken altar of Ashenzari.
  3769 | D:4      | Found a hide-covered altar of Uskayaw.
  3770 | D:4      | Found an opulent altar of Gozag.
  3855 | D:4      | Found a runed translucent door.
  3857 | D:4      | Noticed Tirrikindir's ghost (amateur OpBr)
  3861 | D:4      | Noticed a yak
  3877 | D:5      | Entered Level 5 of the Dungeon
  4292 | D:6      | Noticed a sky beast
  4711 | D:5      | Reached XP level 7. HP: 39/39 MP: 12/12
  4913 | D:6      | Reached skill level 1 in Spellcasting
  4921 | D:6      | Found a glowing drain.
  4929 | Sewer    | Entered a sewer
  5092 | Sewer    | Noticed Purgy
  5099 | Sewer    | Killed Purgy
  5250 | D:6      | Found a blossoming altar of Fedhas.
  5369 | D:6      | Found a staircase to the Ecumenical Temple.
  5609 | D:6      | Reached XP level 8. HP: 44/44 MP: 13/13
  5689 | D:6      | Reached *** piety under Lugonu
  6093 | D:6      | Noticed Dowan
  6095 | D:6      | Noticed Duvessa
  6100 | D:6      | Killed Dowan
  6392 | D:6      | Killed Duvessa
  7618 | D:6      | Found a hazy altar of Hepliaklqana.
  7618 | D:6      | Found an ancient bone altar of Kikubaaqudgha.
  7619 | D:6      | Found a glowing silver altar of Zin.
  8116 | D:7      | Learned a level 2 spell: Ensorcelled Hibernation
  8632 | D:8      | Noticed Maurice
  8687 | D:8      | Killed Maurice
  8688 | D:8      | Reached skill level 1 in Hexes
  8688 | D:8      | Reached skill level 1 in Ice Magic
  8688 | D:8      | Reached XP level 9. HP: 44/48 MP: 11/15
  9016 | D:8      | Noticed Pikel
  9037 | D:8      | Killed Pikel
  9100 | D:8      | Noticed Grum
  9245 | D:8      | Killed Grum
  9292 | D:8      | Found Ejyerch's Antique Weapon Shoppe.
 10002 | D:9      | Learned a level 2 spell: Searing Ray
 10051 | D:9      | Noticed a two-headed ogre
 10058 | D:9      | Killed a two-headed ogre
 10059 | D:9      | Reached skill level 5 in Spellcasting
 10059 | D:9      | Reached XP level 10. HP: 53/53 MP: 17/19
 10381 | D:9      | Noticed a boulder beetle
 10381 | D:9      | Noticed a centaur warrior
 10388 | D:9      | Killed a centaur warrior
 10388 | D:9      | Reached **** piety under Lugonu
 10389 | D:9      | Reached skill level 5 in Hexes
 10427 | D:9      | Slain by a boulder beetle

Illustrated notes

Levels and vault maps discovered:
D:1:      matt_arrival_diagonals, layout_basic, roderic_roman_lattice
D:2:      layout_loops_corners, lemuel_coloured_pillars_altar,
          nicolae_overflow_crystal_walls, kennysheep_cluttered_room
D:3:      layout_rooms
D:4:      layout_gridville, grunt_temple_overflow_champion_of_chaos,
          kennysheep_mini_moat, old_standard_altar,
          amethyst_overflow_temple_binary, ebering_ghost_inner_flame
D:5:      layout_basic
D:6:      layout_basic, fedhas_ov_isle_minmay, gammafunk_temple_overflow_claw,
          minmay_temple_entry_butterflies, gup_sewer_entry_pipe, uniq_duvessa
D:7:      layout_basic, kennysheep_minor_cross
D:8:      layout_basic, serial_shops, shop, uniq_grum, uniq_pikel, uniq_maurice
D:9:      minmay_bloctagon_deflated, layout_basic, serial_park_tiny_pond

Skill      XL: |  1  2  3  4  5  6  7  8  9 10 |
---------------+-------------------------------+-----
Fighting       | 3 5 6 |  6.0
Short Blades   | 3 6 7 |  7.4
Dodging        | 4 9 |  9.9
Invocations    | 2 6 7 8 |  8.2
Stealth        | 1 8 9 |  9.5
Spellcasting   | 1 3 5 6 |  6.3
Hexes          | 1 4 5 |  5.3
Ice Magic      | 1 2 |  2.4

Action                   |  1- 3 |  4- 6 |  7- 9 | 10-12 || total
-------------------------+-------+-------+-------+-------++-------
Melee: Dagger            |    13 |   223 |   486 |   143 ||   865
       War axe           |       |       |     2 |       ||     2
Throw: Dart              |       |       |    30 |       ||    30
 Cast: Ensorcelled Hiber |       |       |    16 |    14 ||    30
Invok: Depart the Abyss  |       |     1 |       |       ||     1
       Bend Space        |       |       |    10 |       ||    10
       Banish            |       |       |     2 |       ||     2
Evoke: Wand              |       |       |     3 |       ||     3
  Use: Scroll            |       |    15 |     3 |       ||    18
       Potion            |       |     1 |     1 |       ||     2
 Stab: Sleeping          |       |    17 |    19 |     6 ||    42
       Distracted        |       |       |     1 |       ||     1
Armor: Robe              |       |    19 |    23 |     9 ||    51
Dodge: Dodged            |       |   178 |   348 |   152 ||   678
